 Dungeon Sprint DCSS version 0.17.0-24-gcfadda4 (webtiles) character file.

11860 Kidiri the Fighter (level 11, -8/174 HPs)
             Began as a Naga Berserker on Nov 17, 2015.
             Was the Champion of Trog.
             Mangled by a stone giant (46 damage)
             ... summoned by the player character
             ... in the Dungeon (Sprint V: "Ziggurat Sprint").
             The game lasted 00:09:21 (1260 turns).

Kidiri the Fighter (Naga Berserker)                 Turns: 1260, Time: 00:09:21

Health: -8/174     AC: 32    Str: 31    XL:     11   Next: 84%
Magic:  0/11       EV:  6    Int: 12    God:    Trog [******]
Gold:   0          SH: 31    Dex: 14    Spells: 0 memorised, 10 levels left

rFire  + . .     SeeInvis +     W - +6 shillelagh "Devastator" {shatter}
rCold  . . .     Clarity  .     L - +15 Maxwell's patent armour {-Cast -Tele rElec MR+ rCorr}
rNeg   + . .     SustAt   .     M - +18 shield of the gong {rElec rN+ MR+ EV-5}
rPois  +         Gourm    .     A - +2 helmet {Int+3}
rElec  +         Spirit   +     (no cloak)
rCorr  +         Warding  .     (no gloves)
rMut   .         NoTele   +     (no barding)
MR     +++..     NoCast   +     a - amulet of Faumozul {Spirit +Fly}
Stlth  ..........               y - ring of Naecs {rElec rPois rF+ Dex+4}
                                B - +6 ring of strength

@: berserking, quick, extremely resistant to hostile enchantments, extremely
unstealthy
A: see invisible, deformed body, poison resistance, slowness 2, slow metabolism
1, spit poison 2, weak 1, AC +3
a: Spit Poison, Berserk, Trog's Hand, Brothers in Arms, Burn Spellbooks,
Renounce Religion, Evoke Flight


You were in the Dungeon.
You worshipped Trog.
Trog was exalted by your worship.
You were not hungry.

You visited 1 branch

Inventory:

Hand Weapons
 W - the +6 shillelagh "Devastator" (weapon) {shatter}
   (You found it in the Dungeon)
Armour
 A - a +2 helmet of intelligence (worn)
 L - the +15 Maxwell's patent armour (worn) {-Cast -Tele rElec MR+ rCorr}
   (You found it in the Dungeon)

   It insulates you from electricity.
   It affects your resistance to hostile enchantments.
   It prevents spellcasting.
   It prevents most forms of teleportation.
   It protects you from acid and corrosion.
 M - the +18 shield of the gong (worn) {rElec rN+ MR+ EV-5}
   (You found it in the Dungeon)

   It affects your evasion (-5).
   It insulates you from electricity.
   It protects you from negative energy.
   It affects your resistance to hostile enchantments.
Jewellery
 a - the amulet of Faumozul (around neck) {Spirit +Fly}
   (You found it in the Dungeon)

   [amulet of guardian spirit]

   It causes incoming damage to be split between your health and magic.
   It lets you fly.
 m - the ring of the Twelve Deaths {Fire rElec Str+3}
   (You found it in the Dungeon)

   [ring of fire]

   It enhances your fire magic, and weakens your ice magic.
   It affects your strength (+3).
   It protects you from fire.
   It makes you vulnerable to cold.
   It insulates you from electricity.
 y - the ring of Naecs (right hand) {rElec rPois rF+ Dex+4}
   (You found it in the Dungeon)

   [ring of poison resistance]

   It affects your dexterity (+4).
   It protects you from fire.
   It insulates you from electricity.
   It protects you from poison.
 B - a +6 ring of strength (left hand)
Wands
 D - a wand of disintegration (7)
 E - a wand of fire (5)
 F - a wand of cold (5)
 G - a wand of draining (5)
Scrolls
 b - 2 scrolls of brand weapon
 i - 4 scrolls of blinking
 p - 3 scrolls of recharging
 q - 7 scrolls of fog
 r - a scroll of holy word
 s - 5 scrolls of identify
 t - 5 scrolls of remove curse
 u - 2 scrolls of fear
Potions
 d - 10 potions of curing
 e - 9 potions of heal wounds
 f - 6 potions of haste
 g - 7 potions of magic
 h - 3 potions of berserk rage
 j - 2 potions of brilliance
 k - 2 potions of invisibility
 l - 4 potions of resistance
 n - 7 potions of agility
 o - 6 potions of might
Comestibles
 c - 5 bread rations
 v - 42 fruits
 w - 3 meat rations


   Skills:
 * Level 12.9 Fighting
 * Level 12.9 Maces & Flails
 + Level 7.9 Throwing
 * Level 10.9 Armour
 * Level 10.9 Dodging
 * Level 10.3 Shields


You had 10 spell levels left.
You didn't know any spells.

Dungeon Overview and Level Annotations

Branches:
Dungeon (1/1)

Altars:
Ashenzari
Cheibriados
Dithmenos
Elyvilon
Fedhas
Gozag
Kikubaaqudgha
Makhleb
Nemelex Xobeh
Okawaru
Qazlal
Ru
Sif Muna
Trog
Vehumet
Xom
Yredelemnul
Zin
The Shining One
Beogh
Jiyva
Lugonu


Innate Abilities, Weirdness & Mutations

You cannot wear boots.
Your serpentine skin is tough (AC +3).
You have supernaturally acute eyesight.
Armour fits poorly on your strangely shaped body.
Your system is resistant to poisons.
You cover ground very slowly.
You have a slow metabolism.
You can spit poison.
You are weak. (Str -2)


Message History

The azure jelly barely misses you.
The azure jelly hits you but does no damage. x2
You block the azure jelly's attack.
GONNNNG!
Drink which item? (? for menu, Esc to quit)
Okay, then.
Unknown command.
A red film seems to cover your vision as you go berserk!
You feel yourself moving faster!
You feel mighty!
You feel somewhat more hungry. You block the stone giant's attack.
BONNNG!
You block the azure jelly's attack.
BONNNG!
The azure jelly hits you but does no damage.
You block the azure jelly's attack.
SHROANNG!
The azure jelly hits you!
* * * LOW HITPOINT WARNING * * *
The stone giant hits you!!!
You die...

▓...8©8...▓
▓..["=....▓..)}..)..▓
▓..))!:\..▓..[[).[..▓
▓.........▓.........▓
▓.........▓.........▓
▓.........▓.........▓
▓.........▓....)....▓
▓..▓.J.▓..▓.........▓
▓.▓.@C).▓.▓.▓.....▓.▓
▓.........▓.........▓
▓▓▓▓▓▓▓▓▓▓▓▓▓▓▓▓▓▓▓▓▓


You could see a stone giant (berserk) and an azure jelly.

Vanquished Creatures
  An azure jelly (D)
  A black draconian (D)
  A mottled draconian (D)
  A yaktaur captain (D)
  A centaur warrior (D)
  A shining eye (D)
  A draconian (D)
  A worldbinder (D)
  A cyclops (D)
  2 large abominations (D)
  An eye of devastation (D)
  A jumping spider (D)
  A guardian mummy (D)
  A yaktaur (D)
  A slime creature (D)
  2 flying skulls (D)
  A tarantella (D)
  A chaos spawn (D)
  4 spriggans (D)
  A golden eye (D)
  2 wolves (D)
  A naga (D)
  2 water moccasins (D)
  A necrophage (D)
  A phantom (D)
  An eye of draining (D)
  4 centaurs (D)
  2 small abominations (D)
  3 scorpions (D)
  A quasit (D)
  A jelly (D)
  3 iron imps (D)
  A mummy (D)
  An adder (D)
  2 shadow imps (D)
  An ufetubus (D)
  3 oozes (D)
  An adder zombie (D)
  2 ball pythons (D)
  2 bat zombies (D)
  A giant cockroach zombie (D)
  A giant gecko skeleton (D)
  A giant gecko zombie (D)
  A quokka skeleton (D)
64 creatures vanquished.

Vanquished Creatures (collateral kills)
  A green draconian (D)
  A yellow draconian (D)
  A death ooze (D)
  A red draconian (D)
  A draconian (D)
  2 eyes of devastation (D)
  2 slime creatures (D)
  A golden eye (D)
10 creatures vanquished.

Grand Total: 74 creatures vanquished

Notes
Turn   | Place    | Note
--------------------------------------------------------------
     0 | D        | Kidiri the Naga Berserker began the quest for the Orb.
     0 | D        | Reached XP level 1. HP: 21/21 MP: 1/1
     0 | D        | Found a roughly hewn altar of Beogh.
     0 | D        | Found a viscous altar of Jiyva.
     0 | D        | Found a corrupted altar of Lugonu.
     0 | D        | Found a white marble altar of Elyvilon.
     0 | D        | Found a sparkling altar of Nemelex Xobeh.
     1 | D        | Found a burning altar of Makhleb.
     1 | D        | Found an iron altar of Okawaru.
     1 | D        | Found a deep blue altar of Sif Muna.
     1 | D        | Found a radiant altar of Vehumet.
     1 | D        | Found a bloodstained altar of Trog.
     1 | D        | Found a shimmering altar of Xom.
    75 | D        | Reached skill level 4 in Fighting
    75 | D        | Reached XP level 2. HP: 27/31 MP: 2/2
   119 | D        | Entered arena 1.
   120 | D        | Reached ** piety under Trog
   142 | D        | Entered arena 2.
   142 | D        | Noticed a guardian mummy
   142 | D        | Noticed a flying skull
   147 | D        | Reached skill level 5 in Fighting
   147 | D        | Reached skill level 5 in Maces & Flails
   147 | D        | Reached skill level 1 in Shields
   147 | D        | Reached XP level 3. HP: 32/39 MP: 3/3
   148 | D        | Killed a guardian mummy
   148 | D        | Reached skill level 6 in Fighting
   148 | D        | Reached skill level 5 in Armour
   148 | D        | Reached skill level 5 in Dodging
   148 | D        | Reached XP level 4. HP: 37/49 MP: 4/4
   148 | D        | Reached XP level 5. HP: 42/56 MP: 5/5
   148 | D        | Reached XP level 6. HP: 47/63 MP: 6/6
   153 | D        | Killed a flying skull
   153 | D        | Reached skill level 7 in Fighting
   317 | D        | Entered arena 3.
   317 | D        | Noticed an iron imp
   317 | D        | Noticed a quasit
   321 | D        | Killed a quasit
   321 | D        | Reached XP level 7. HP: 72/72 MP: 7/7
   321 | D        | Killed an iron imp
   322 | D        | Reached *** piety under Trog
   359 | D        | Entered arena 4.
   359 | D        | Noticed a naga
   359 | D        | Noticed a water moccasin
   359 | D        | Noticed a water moccasin
   363 | D        | Killed a water moccasin
   365 | D        | Killed a naga
   365 | D        | Received a gift from Trog
   365 | D        | Reached skill level 8 in Fighting
   365 | D        | Reached skill level 5 in Shields
   365 | D        | Killed a water moccasin
   379 | D        | Entered arena 5.
   379 | D        | Noticed a tarantella
   379 | D        | Noticed a scorpion
   379 | D        | Noticed a scorpion
   379 | D        | Noticed a jumping spider
   379 | D        | Noticed a scorpion
   381 | D        | Killed a tarantella
   381 | D        | Reached **** piety under Trog
   381 | D        | Reached XP level 8. HP: 82/82 MP: 8/8
   382 | D        | Killed a jumping spider
   382 | D        | Killed a scorpion
   385 | D        | Killed a scorpion
   387 | D        | Killed a scorpion
   387 | D        | Reached ***** piety under Trog
   398 | D        | Got the ring of Naecs {rElec rPois rF+ Dex+4}
   423 | D        | Entered arena 6.
   423 | D        | Noticed a wolf
   423 | D        | Noticed a spriggan
   423 | D        | Noticed a spriggan
   423 | D        | Noticed a wolf
   423 | D        | Noticed a spriggan
   423 | D        | Noticed a spriggan
   430 | D        | Killed a spriggan
   430 | D        | Reached skill level 9 in Fighting
   430 | D        | Killed a spriggan
   430 | D        | Killed a wolf
   430 | D        | Reached XP level 9. HP: 91/91 MP: 9/9
   431 | D        | Killed a spriggan
   431 | D        | Reached skill level 5 in Throwing
   431 | D        | Killed a spriggan
   431 | D        | Received a gift from Trog
   433 | D        | Killed a wolf
   472 | D        | Entered arena 7.
   472 | D        | Noticed an eye of draining
   472 | D        | Noticed a golden eye
   472 | D        | Noticed a jelly
   472 | D        | Noticed a shining eye
   472 | D        | Gained mutation: You are weak. (Str -2) [a shining eye]
   478 | D        | Killed a golden eye
   482 | D        | Killed a jelly
   484 | D        | Killed a shining eye
   484 | D        | Received a gift from Trog
   484 | D        | Reached skill level 10 in Fighting
   484 | D        | Reached skill level 10 in Maces & Flails
   487 | D        | Killed an eye of draining
   493 | D        | Reached ****** piety under Trog
   500 | D        | Got the amulet of Faumozul {Spirit +Fly}
   573 | D        | Entered arena 8.
   573 | D        | Noticed a green draconian
   573 | D        | Noticed a red draconian
   573 | D        | Noticed a mottled draconian
   573 | D        | Noticed a draconian
   573 | D        | Noticed a black draconian
   573 | D        | Noticed a yellow draconian
   573 | D        | Noticed a draconian
   574 | D        | Identified a +1 rod of shadows (8/13)
   575 | D        | Noticed a cyclops
   578 | D        | Killed a yellow draconian
   578 | D        | Reached XP level 10. HP: 85/103 MP: 7/10
   579 | D        | Noticed a white ugly thing
   582 | D        | Killed a draconian
   583 | D        | Killed a green draconian
   584 | D        | Killed a draconian
   584 | D        | Received a gift from Trog
   589 | D        | Killed a red draconian
   589 | D        | Reached skill level 11 in Fighting
   596 | D        | Killed a mottled draconian
   597 | D        | Killed a black draconian
   597 | D        | Received a gift from Trog
   893 | D        | Entered arena 9.
   893 | D        | Noticed a yaktaur captain
   893 | D        | Noticed a centaur
   893 | D        | Noticed a centaur
   893 | D        | Noticed a yaktaur
   893 | D        | Noticed a centaur warrior
   893 | D        | Noticed a cyclops
   893 | D        | Noticed a centaur
   893 | D        | Noticed a centaur
   894 | D        | Received a gift from Trog
   894 | D        | Received a gift from Trog
   899 | D        | Killed a centaur warrior
   899 | D        | Reached XP level 11. HP: 80/114 MP: 3/11
   899 | D        | Killed a centaur
   899 | D        | Killed a centaur
   899 | D        | Killed a centaur
   900 | D        | Killed a yaktaur
   904 | D        | Killed a yaktaur captain
   904 | D        | Received a gift from Trog
   904 | D        | Reached skill level 12 in Fighting
   904 | D        | Reached skill level 10 in Armour
   904 | D        | Reached skill level 10 in Dodging
   904 | D        | Killed a cyclops
   906 | D        | Killed a centaur
  1116 | D        | Entered arena 10.
  1116 | D        | Noticed a phantom
  1116 | D        | Noticed a necrophage
  1127 | D        | Killed a necrophage
  1136 | D        | Killed a phantom
  1137 | D        | Received a gift from Trog
  1137 | D        | Received a gift from Trog
  1178 | D        | Entered arena 11.
  1178 | D        | Noticed an iron imp
  1178 | D        | Noticed a chaos spawn
  1178 | D        | Noticed a small abomination
  1178 | D        | Noticed a large abomination
  1178 | D        | Noticed an iron imp
  1179 | D        | Noticed a large abomination
  1179 | D        | Noticed a flying skull
  1179 | D        | Noticed a small abomination
  1179 | D        | Noticed a worldbinder
  1185 | D        | Killed an iron imp
  1187 | D        | Killed a large abomination
  1187 | D        | Killed a small abomination
  1187 | D        | Killed a chaos spawn
  1192 | D        | Killed an iron imp
  1193 | D        | Killed a small abomination
  1194 | D        | Killed a large abomination
  1195 | D        | Killed a worldbinder
  1196 | D        | Killed a flying skull
  1208 | D        | Received a gift from Trog
  1220 | D        | Got the ring of the Twelve Deaths {Fire rElec Str+3}
  1237 | D        | Entered arena 12.
  1237 | D        | Noticed a slime creature
  1237 | D        | Noticed a golden eye
  1237 | D        | Noticed an eye of devastation
  1237 | D        | Noticed an eye of devastation
  1239 | D        | Killed a golden eye
  1240 | D        | Noticed an eye of devastation
  1240 | D        | Noticed a slime creature
  1240 | D        | Noticed a slime creature
  1240 | D        | Noticed an azure jelly
  1240 | D        | Noticed an azure jelly
  1240 | D        | Noticed a death ooze
  1241 | D        | Killed a slime creature
  1241 | D        | Reached skill level 10 in Shields
  1243 | D        | Killed an eye of devastation
  1243 | D        | Killed a slime creature
  1246 | D        | Killed a death ooze
  1249 | D        | Killed an azure jelly
  1249 | D        | Received a gift from Trog
  1249 | D        | Killed an eye of devastation
  1249 | D        | Killed an eye of devastation
  1249 | D        | Received a gift from Trog
  1252 | D        | Killed a slime creature
  1260 | D        | Mangled by a stone giant

Action                   |  1- 3 |  4- 6 |  7- 9 | 10-12 || total
-------------------------+-------+-------+-------+-------++-------
Melee: Shillelagh        |     6 |     8 |    32 |    69 ||   115
Invok: Berserk           |       |     1 |     3 |     4 ||     8
       Brothers in Arms  |       |       |     2 |     2 ||     4
       Burn Spellbooks   |       |       |     1 |     3 ||     4
 Abil: Spit Poison       |       |       |     1 |       ||     1
  Use: Potion            |     1 |       |       |     1 ||     2
  Eat: Chunk             |       |       |     2 |     2 ||     4
       Meat ration       |       |       |       |     1 ||     1
